 Dungeon Crawl Stone Soup version 0.31-a0-1338-gb567cfdca4 (webtiles) character file.

Game seed: 6262681786334236605

1362 Midn8 the Changeling (level 8, 0/126 HPs)
             Began as an Oni Shapeshifter on Dec 22, 2023.
             Was a Believer of Ru.
             Succumbed to a hornet's poison
             ... on level 4 of the Dungeon.
             The game lasted 00:12:42 (4330 turns).

Midn8 the Changeling (Oni Shapeshifter)             Turns: 4330, Time: 00:12:42

Health: 0/126      AC: 24    Str: 19    XL:     8   Next: 64%
Magic:  8/8        EV:  1    Int: 11    God:    Ru [**....]
Gold:   224        SH:  0    Dex: 10    Spells: 7/7 levels left

rFire   . .          .
                       - Unarmed
rCold   . . .        (no shield)
rNeg    . . .        a - melded +1 animal skin
rPois   +            (helmet currently unavailable)
rElec   .            (cloak currently unavailable)
rCorr   .            (gloves unavailable)
SInv    .            (boots unavailable)
Will    .....        (no amulet)
Stlth   +            (no ring)
HPRegen 0.41/turn    (no ring)
MPRegen 0.11/turn

%: no passive effects
@: lethally poisoned (0 -> -5), tree-form, slowed, studying Dodging, very slow
A: stationary, stasis, torment immunity, boosted hp, drunken brawling, large,
unfitting armour, (horns 1), (tough skin 1), cowardly, no air magic, no
conjurations magic, no alchemy magic, double potion healing
a: Renounce Religion


You were on level 4 of the Dungeon.
You worshipped Ru.
Ru was pleased with you.
You were a tree.
You visited 1 branch of the dungeon, and saw 4 of its levels.
You also visited: Sewer.

You collected 224 gold pieces.

Inventory:

Missiles
 h - 9 poisoned darts
 l - 59 stones (quivered)
Armour
 a - a +1 animal skin (melded)
Talismans
 c - a beast talisman
 d - a flux talisman (active)
Wands
 o - a wand of light (12)
Scrolls
 e - a scroll of brand weapon
 g - a scroll of fear
 i - a scroll of teleportation {unknown}
 m - a scroll of enchant armour
 n - 2 scrolls of blinking {unknown}
 q - a scroll of torment
 r - a scroll of vulnerability {unknown}
 t - 2 scrolls of revelation {unknown}
 u - a scroll of poison {unknown}
Potions
 b - 2 potions of magic
 f - 2 potions of degeneration
 j - 4 potions of might
 k - a potion of enlightenment
 p - 2 potions of cancellation
 v - a potion of brilliance {unknown}
 w - a potion of invisibility
 x - a potion of haste {unknown}
 z - a potion of mutation {unknown}
Miscellaneous
 y - a phantom mirror


   Skills:
 + Level 6.6 Fighting
 - Level 1.7 Dodging
 - Level 6.0 Unarmed Combat
 - Level 7.0 Shapeshifting


You had 7 spell levels left.
You didn't know any spells.
Your spell library contained the following spells:

 Spells                   Type           Power      Damage    Failure   Level
 Necrotise                Necr           0%         1d4       34%         1
 Blink                    Tloc           0%         N/A       47%         2
 Call Imp                 Summ           0%         N/A       47%         2
 Magic Dart               Conj           Unusable   1d3       N/A         1
 Sting                    Conj/Alch      Unusable   1d3       N/A         1
 Static Discharge         Conj/Air       Unusable   3-3/arc   N/A         2
 Stone Arrow              Conj/Erth      Unusable   3d7       N/A         3
 Spellforged Servitor     Conj/Summ      Unusable   N/A       N/A         7

Dungeon Overview and Level Annotations

Branches:
Dungeon (4/15)              Sewer (visited)
 Temple: D:4-7

Altars:
Ru
Vehumet
Xom

Annotations:
D:4 2 runed translucent doors, 2 transporters, Fodor's ghost, novice MiFi


Innate Abilities, Weirdness & Mutations

You are a tree.
Your roots penetrate the ground, keeping you stationary.
You cannot be teleported.
You are immune to unholy pain and torment.
Your maximum health is greatly increased.
Your equipment is partially melded.
Whenever you drink a potion that restores your health or magic, you attack all enemies around you.
You are too large for most types of armour.
((You have a pair of small horns on your head.))
((You have tough skin. (AC +1)))
Your cowardice makes you less effective in combat with threatening foes.
You cannot study or cast Air magic.
You cannot study or cast Conjurations magic.
You cannot study or cast Alchemy magic.
Whenever you drink a potion that restores your health or magic, it restores twice as much.


Message History

The hornet stings you but does no damage.
You closely miss the hornet.
The hornet is heavily wounded.
You feel very sick. The hornet stings you.
* * * LOW HITPOINT WARNING * * *
You feel as though you will be slow longer.
The hornet stings you.
* * * LOW HITPOINT WARNING * * *
You are lethally poisoned!
You feel as though you will be slow longer.
Unknown command.
You hit the hornet.
The hornet shudders as magic cascades through it!!
You kill the hornet!
* * * LOW HITPOINT WARNING * * *
You feel very sick.
Your Fighting skill increases to level 6!
Unknown command.
You closely miss the goblin.
* * * LOW HITPOINT WARNING * * *
You feel very sick. The goblin hits you with a +0 club.
* * * LOW HITPOINT WARNING * * *
Unknown command.
Really quaff the potion of lignification?
Your transformation has ended.
Your +1 animal skin unmelds from your body.
You turn into a tree.
Your +1 animal skin melds into your body.
Your roots penetrate the ground.
* * * LOW HITPOINT WARNING * * *
You feel very sick. The goblin hits you with a +0 club.
* * * LOW HITPOINT WARNING * * *
The goblin hits you but does no damage.
Unknown command.
You closely miss the goblin. You punch the goblin.
You kill the goblin!
You die...

########## #
##......(.## #
#..######..########## #
#.##.)♣.##..........# #
#†#.####)#..........###
#.# #.##........#.##.
###.# ##.†.##++##...##.
#...# #####8..8##.....
##.#.## #8....8#.....
#..#..# #[.....#.....
#.##..######
#......#..##.
#.##.##...)#
#8....8#..###


There were no monsters in sight!

Vanquished Creatures
  Grinder (Sewer)
  A hornet (D:4)
  Menkaure (D:4)
  2 water moccasins (D:4)
  3 necrophages (Sewer)
  A killer bee (D:4)
  A hound (D:4)
  2 jellies (D:4)
  An orc priest (D:3)
  2 sleepcaps (D:4)
  An iguana (D:4)
  Robin (D:2)
  4 adders
  3 shadow imps (Sewer)
  2 bombardier beetles (D:4)
  An ufetubus (Sewer)
  An adder zombie (Sewer)
  4 worms
  2 dart slugs
  8 orcs
  9 ball pythons
  A bat (D:2)
  10 endoplasms
  7 giant cockroaches
  13 goblins
  12 hobgoblins
  6 jackals (D:2)
  2 quokkas (D:2)
  A frilled lizard (D:3)
  16 kobolds
  2 kobold zombies (Sewer)
  5 rats
126 creatures vanquished.

Notes
Turn   | Place    | Note
-------+----------+-------------------------------------------
     0 | D:1      | Midn8 the Oni Shapeshifter began the quest for the Orb.
     0 | D:1      | Reached XP level 1. HP: 19/19 MP: 1/1
   211 | D:1      | Found a faded altar of an unknown god.
   241 | D:1      | Reached XP level 2. HP: 27/27 MP: 2/2
   267 | D:1      | Prayed at the altar of an unknown god.
   267 | D:1      | Became a worshipper of Ru the Awakened
   288 | D:1      | Gained mutation: Your cowardice makes you less effective in
                  | combat with threatening foes. [Ru sacrifice]
   288 | D:1      | Reached * piety under Ru
   865 | D:2      | Reached XP level 3. HP: 30/33 MP: 3/3
  1054 | D:2      | Noticed Robin
  1077 | D:2      | Killed Robin
  1078 | D:2      | Reached XP level 4. HP: 18/41 MP: 4/4
  1202 | D:2      | Got the Grimoire of Blasted Bodies
  1212 | D:2      | Found a shimmering altar of Xom.
  1906 | D:3      | Found a radiant altar of Vehumet.
  2048 | D:3      | Found a glowing drain.
  2052 | D:3      | Reached skill level 5 in Unarmed Combat
  2052 | D:3      | Reached XP level 5. HP: 43/48 MP: 5/5
  2084 | Sewer    | Entered a sewer
  2375 | Sewer    | Found an ancient bone altar of Kikubaaqudgha.
  2402 | Sewer    | Reached XP level 6. HP: 38/59 MP: 6/6
  2516 | Sewer    | Noticed Grinder
  2518 | Sewer    | Paralysed by Grinder for 5 turns
  2528 | Sewer    | Paralysed by Grinder for 5 turns
  2534 | Sewer    | Killed Grinder
  2535 | Sewer    | Reached skill level 5 in Fighting
  2535 | Sewer    | Reached skill level 4 in Shapeshifting
  2535 | Sewer    | Reached XP level 7. HP: 72/72 MP: 7/7
  3090 | D:3      | Gained mutation: You cannot study or cast Air magic. [Ru
                  | sacrifice]
  3090 | D:3      | Gained mutation: You cannot study or cast Alchemy magic.
                  | [Ru sacrifice]
  3090 | D:3      | Gained mutation: You cannot study or cast Conjurations
                  | magic. [Ru sacrifice]
  3090 | D:3      | Reached ** piety under Ru
  3169 | D:4      | Found a large runed translucent door.
  3170 | D:4      | Found a large runed translucent door.
  3294 | D:4      | Found a large runed translucent door.
  3294 | D:4      | Found a large runed translucent door.
  3320 | D:4      | Reached skill level 5 in Shapeshifting
  3710 | D:4      | Identified the +9 giant spiked club of the Fool {antimagic,
                  | *Slow Dex+6 SInv}
  3711 | D:4      | Noticed Fodor's ghost (novice MiFi)
  3712 | D:4      | Found a transporter.
  3716 | D:4      | Found a transporter.
  3771 | D:4      | Reached XP level 8. HP: 72/80 MP: 8/8
  4031 | D:4      | Noticed Menkaure
  4050 | D:4      | Killed Menkaure
  4051 | D:4      | Reached skill level 6 in Shapeshifting
  4311 | D:4      | Reached skill level 7 in Shapeshifting
  4312 | D:4      | Noticed a hornet
  4314 | D:4      | Identified the amulet "Gary" {Acrobat -Cast rElec rC+
                  | Dex+4}
  4319 | D:4      | Paralysed by a hornet for 3 turns
  4324 | D:4      | Paralysed by a hornet for 1 turns
  4327 | D:4      | Killed a hornet
  4328 | D:4      | HP: 4/84 [goblin/+0 club (2)]
  4330 | D:4      | Succumbed to a hornet's poison

Illustrated notes

Levels and vault maps discovered:
D:1:      grunt_arrival_lava_bath, layout_basic,
          shapermc_ecumenical_altar_mp_urbaneastern, minmay_misc_feat_rows
D:2:      layout_basic, basic_altar, grunt_ministairs_11, uniq_robin
D:3:      layout_rooms, mainiacjoe_overflow_cross_hatched, portal_sewer_entry_d,
          serial_park_tiny_2
D:4:      layout_layer_cave, gammafunk_ghost_smash,
          minmay_hollow_rounded_squares, uniq_menkaure

Skill      XL: |  1  2  3  4  5  6  7  8 |
---------------+-------------------------+-----
Unarmed Combat | 3 4 5 6 |  6.0
Fighting       | 2 5 6 |  6.6
Shapeshifting  | 4 5 7 |  7.0
Dodging        | |  1.7

Action                     |  1- 3 |  4- 6 |  7- 9 || total
---------------------------+-------+-------+-------++-------
  Melee: Unarmed           |    75 |   151 |   105 ||   331
         Punch             |     3 |     2 |     7 ||    12
         Headbutt          |    11 |    24 |    21 ||    56
  Throw: Stone             |       |     2 |       ||     2
 Invoke: Sacrifice Courage |     1 |       |       ||     1
         Sacrifice Arcana  |       |       |     1 ||     1
    Use: Scroll            |       |    10 |     2 ||    12
         Potion            |       |     2 |     4 ||     6
   Stab: Invisible         |       |       |     3 ||     3
         Sleeping          |       |       |     1 ||     1
 Armour: Animal skin       |    41 |   110 |    48 ||   199
         Skin              |       |     4 |    29 ||    33
  Dodge: Dodged            |    17 |    72 |    50 ||   139
   Form: Flux              |       |       |     1 ||     1

Table legend: (Time is in decaauts)
 A = Elapsed time spent in this place.
 B = Non-inter-level travel time spent in this place.
 C = Inter-level travel time spent in this place.
 D = Time resting spent in this place.
 E = Time spent auto-exploring this place.
 F = Levels seen in this place.
 G = Mean time per level.
                   A        B        C        D        E       F      G
               +--------+--------+--------+--------+--------+-----+--------+
         Total |   4309 |   4104 |    205 |   1143 |   2008 |   5 |  861.8 |
       Dungeon |   3702 |   3497 |    205 |    915 |   1889 |   4 |  925.5 |
         Sewer |    607 |    607 |      0 |    228 |    119 |   1 |  607.0 |
               +--------+--------+--------+--------+--------+-----+--------+

Top non-repeatable levels by time:
     D:3: 1051 daAuts
     D:2: 1029 daAuts
     D:4: 898 daAuts
     D:1: 723 daAuts
   Sewer: 607 daAuts
